Map: Romanticide LE

Players

Nina

  • Race: Protoss Protoss

Vindicta - Winner!

  • Race: Terran Terran

VOD

Have the link to the VOD?

Description

Time

  • Played on: Oct. 7, 2021, 5:09 p.m.
  • Length: 40:45
Show
View Real Time Build Order
Export as new Build Order

Nina Protoss 

Build Orders: 1 Gate Expand, Blink Stalkers, Colossus Rush 

Get SALT Encoding   

  12  0:00  Probe  
  13  0:12  Probe  
  14  0:17  Pylon  
  14  0:24  Probe (Chrono Boost)  
  15  0:37  Probe (Chrono Boost)  
  15  0:38  Gateway  
  16  0:45  Probe (Chrono Boost)  
  16  0:49  Assimilator  
  17  0:51  Probe  
  18  1:03  Probe  
  19  1:15  Probe  
  20  1:26  Cybernetics Core  
  20  1:27  Probe  
  22  1:40  Probe  
  22  1:41  Nexus  
  22  1:45  Pylon  
  22  1:52  Probe  
  22  1:55  Assimilator  
  22  2:04  Probe (Chrono Boost)  
  22  2:08  Stalker  
  25  2:12  Warp Gate  
  26  2:16  Probe (Chrono Boost)  
  26  2:21  Probe (Chrono Boost)  
  27  2:30  Twilight Council, Probe  
  28  2:37  Pylon  
  28  2:40  Stalker  
  30  2:46  Probe (Chrono Boost)  
  31  2:54  Probe (Chrono Boost)  
  31  2:55  Probe (Chrono Boost)  
  35  3:05  Probe (Chrono Boost)  
  35  3:06  Gateway, Probe (Chrono Boost)  
  35  3:10  Probe (Chrono Boost)  
  36  3:13  Blink (Chrono Boost), Probe  
  37  3:21  Probe  
  37  3:30  Probe  
  37  3:33  Robotics Facility, Probe  
  38  3:36  Stalker  
  40  3:42  Probe  
  40  3:45  Probe  
  42  3:54  Probe  
  43  3:57  Probe  
  43  3:58  Assimilator  
  43  4:02  Stalker  
  46  4:06  Probe  
  46  4:09  Probe  
  48  4:15  Stalker, Pylon  
  50  4:18  Probe  
  50  4:21  Probe  
  52  4:27  Stalker  
  52  4:30  Observer (Chrono Boost)  
  54  4:32  Assimilator  
  54  4:33  Probe x2  
  54  4:38  Pylon  
  56  4:39  Stalker  
  56  4:42  Pylon  
  56  4:43  Observer (Chrono Boost)  
  56  4:45  Probe  
  60  4:46  Probe  
  60  4:48  Pylon  
  61  4:56  Nexus  
  61  4:57  Probe  
  61  4:58  Robotics Bay  
  63  5:04  Nexus  
  62  5:07  Probe  
  62  5:08  Observer  
  62  5:11  Probe  
  65  5:15  Pylon  
  65  5:16  Sentry  
  65  5:19  Probe  
  68  5:28  Probe  
  67  5:31  Probe  
  68  5:40  Probe  
  68  5:41  Sentry  
  71  5:43  Probe  
  71  5:44  Colossus (Chrono Boost)  
  71  5:47  Gateway  
  71  5:49  Gateway  
  78  5:53  Charge (Chrono Boost)  
  78  5:54  Probe  
  78  5:56  Probe  
  80  5:59  Gateway  
  80  6:03  Forge  
  80  6:06  Probe  
  80  6:08  Probe  
  82  6:15  Forge  
  82  6:17  Pylon  
  82  6:19  Gateway  
  82  6:20  Probe  
  82  6:21  Probe  
  84  6:25  Probe  
  84  6:28  Colossus (Chrono Boost)  
  84  6:32  Probe  
  92  6:34  Probe  
  92  6:36  Protoss Ground Weapons Level 1 (Chrono Boost)  
  92  6:38  Shield Battery  
  93  6:40  Probe  
  93  6:42  Sentry  
  95  6:49  Protoss Ground Armor Level 1 (Chrono Boost)  
  95  6:53  Photon Cannon, Probe  
  94  6:55  Zealot  
  94  6:56  Photon Cannon  
  94  6:59  Zealot  
  94  7:01  Probe  
  99  7:04  Zealot  
  100  7:15  Colossus (Chrono Boost)  
  100  7:20  Zealot  
  100  7:21  Zealot x2  
  112  7:26  Pylon  
  112  7:27  Zealot, Pylon  
  114  7:39  Zealot x2  
  114  7:43  Shield Battery  
  116  7:46  Zealot x3  
  122  7:51  Stalker  
  122  7:58  Probe  
  119  7:59  Probe  
  119  8:00  Stalker x2  
  124  8:08  Stalker  
  124  8:09  Stalker x2  
  130  8:21  Probe x2  
  130  8:22  Probe  
  130  8:23  Assimilator  
  130  8:24  Assimilator  
  130  8:27  Warp Prism (Chrono Boost)  
  130  8:33  Probe  
  133  8:37  Pylon x2  
  133  8:40  Nexus  
  133  8:47  Pylon  
  133  8:49  Protoss Ground Armor Level 2  
  133  8:50  Pylon  
  133  8:51  Protoss Ground Weapons Level 2  
  133  8:55  Probe x2  
  135  8:56  Gateway, Disruptor (Chrono Boost)  
  138  9:03  Gateway  
  138  9:11  Observer  
  138  9:12  Robotics Facility  
  138  9:13  Templar Archives  
  138  9:15  Gateway  
  138  9:19  Probe x3  
  141  9:27  Disruptor (Chrono Boost)  
  141  9:31  Probe x3  
  143  9:34  Extended Thermal Lance (Chrono Boost), Shield Battery  
  143  9:35  Pylon  
  145  9:43  Probe x3, Shield Battery  
  148  9:50  High Templar x4  
  156  9:55  Stalker x2, Probe x2  
  156  9:58  Archon x2  
  162  10:06  Stalker x2  
  166  10:11  Probe  
  166  10:13  Disruptor  
  166  10:19  Zealot x3  
  170  10:25  Stalker x3  
  172  10:39  Pylon  
  172  10:40  Photon Cannon, Pylon  
  172  10:42  Pylon  
  172  10:48  Shield Battery  
  172  10:52  Photon Cannon  
  172  10:56  Disruptor  
  172  10:57  Probe  
  170  11:04  Zealot x2  
  170  11:05  Zealot x7  
  170  11:08  Probe  
  183  11:15  Disruptor  
  176  11:19  Probe  
  176  11:24  Probe  
  173  11:26  High Templar x2  
  173  11:27  Zealot x4  
  173  11:30  Archon  
  173  11:32  Zealot x3, Disruptor  
  184  11:49  Stalker x3  
  184  11:50  Disruptor  
  193  11:55  Probe  
  192  12:07  Observer  
  192  12:08  Protoss Ground Armor Level 3 (Chrono Boost)  
  190  12:09  Photon Cannon  
  190  12:12  Assimilator x2  
  190  12:13  Protoss Ground Weapons Level 3 (Chrono Boost), Pylon  
  190  12:19  Pylon  
  190  12:23  Photon Cannon, Nexus, Pylon  
  190  12:30  Warp Prism, Disruptor  
  190  12:31  Probe x2  
  193  12:41  Nexus  
  190  12:44  Zealot  
  190  12:45  Stalker x2  
  190  12:47  Probe  
  192  12:56  High Templar x2  
  196  13:07  Pylon  
  196  13:09  Pylon x2  
  196  13:11  Probe, Disruptor  
  182  13:37  Gravitic Drive  
  156  13:51  Psionic Storm, Disruptor  
  156  13:55  Probe  
  120  13:58  Stalker x2  
  120  13:59  Stalker x4  
  132  14:04  Probe x2  
  132  14:05  Probe x2  
  132  14:07  Probe  
  143  14:10  Gateway  
  143  14:11  Gateway  
  143  14:15  Gateway, Zealot x3  
  143  14:16  Colossus (Chrono Boost), Probe x2  
  152  14:17  Probe x2  
  152  14:19  Probe  
  152  14:24  Colossus (Chrono Boost)  
  154  14:28  Nexus, Probe  
  154  14:29  Probe x3  
  162  14:31  Probe  
  159  14:38  High Templar  
  159  14:39  High Templar  
  159  14:42  Shield Battery  
  159  14:43  Probe x2  
  159  14:44  Photon Cannon, Probe  
  166  14:46  Photon Cannon, Probe  
  166  14:47  Photon Cannon, Probe  
  166  14:49  Photon Cannon, High Templar  
  166  14:50  High Templar  
  166  14:51  Pylon  
  172  14:55  Protoss Shields Level 1, Probe  
  172  14:56  Probe  
  172  14:58  Probe  
  175  15:03  Photon Cannon  
  175  15:06  Stalker x4  
  182  15:08  Disruptor  
  182  15:11  Observer  
  182  15:12  Pylon  
  186  15:17  Stalker x3  
  186  15:19  Stalker  
  194  15:32  Stargate  
  194  15:33  High Templar  
  194  15:34  High Templar  
  198  15:41  Nexus  
  198  15:44  Assimilator  
  198  15:46  Assimilator  
  198  15:49  Pylon  
  198  15:50  Pylon  
  198  15:57  Disruptor x2 (Chrono Boost)  
  167  16:00  Zealot x3  
  167  16:01  Zealot x4  
  181  16:06  Probe  
  181  16:08  Void Ray (Chrono Boost)  
  186  16:23  Zealot x2  
  186  16:24  Zealot  
  192  16:28  Probe, Shield Battery  
  192  16:29  Disruptor (Chrono Boost)  
  192  16:30  Photon Cannon x2, Probe, Disruptor (Chrono Boost)  
  200  16:33  Photon Cannon  
  192  16:58  Disruptor x2  
  192  17:00  Zealot x2  
  194  17:13  High Templar x2  
  197  17:21  Nexus  
  197  17:22  Dark Shrine  
  197  17:23  Pylon  
  197  17:25  Pylon  
  197  17:31  Pylon  
  197  17:34  Disruptor  
  200  17:40  Nexus  
  196  17:47  Stalker x2  
  200  17:53  Void Ray  
  196  17:59  Protoss Shields Level 2  
  152  18:20  Zealot x4  
  156  18:27  Zealot x8  
  156  18:30  Archon  
  172  18:39  Colossus x2  
  172  18:40  Stalker  
  172  18:41  Stalker x3  
  192  18:42  Probe x5  
  192  18:43  Gravitic Boosters  
  192  18:47  Probe  
  198  18:49  Pylon  
  198  18:50  Pylon  
  198  18:54  Probe  
  192  19:17  Shield Battery  
  192  19:19  Photon Cannon  
  192  19:20  Photon Cannon  
  192  19:21  Photon Cannon x2  
  192  19:23  Photon Cannon  
  192  19:30  Photon Cannon, High Templar  
  194  19:33  Observer  
  194  19:35  Photon Cannon  
  194  19:37  Photon Cannon  
  195  19:40  Assimilator  
  195  19:42  Photon Cannon  
  195  19:43  Assimilator  
  195  19:54  Photon Cannon  
  195  19:55  Shadow Stride  
  195  19:59  Gateway x2  
  195  20:00  Gateway  
  195  20:07  Photon Cannon  
  195  20:09  Nexus  
  195  20:10  Shield Battery  
  168  20:15  Disruptor  
  168  20:20  Stalker x7, Nexus  
  168  20:21  Stalker  
  157  20:23  Zealot  
  157  20:24  Zealot x3  
  138  20:33  Probe  
  119  20:44  Stalker x8  
  119  20:45  Disruptor  
  136  20:51  Disruptor  
  131  21:04  Probe  
  131  21:07  Probe  
  131  21:10  Pylon  
  133  21:13  Pylon  
  133  21:14  Zealot x3, Nexus  
  139  21:20  Pylon  
  139  21:21  Disruptor  
  142  21:26  Disruptor  
  142  21:30  Dark Templar x12  
  169  21:34  Dark Templar x2  
  171  21:50  Stalker  
  173  21:56  Disruptor  
  176  22:02  Stalker x4, Shield Battery  
  176  22:04  Photon Cannon  
  176  22:06  Photon Cannon  
  184  22:17  Stalker x5  
  194  22:26  Disruptor  
  186  22:40  Stalker x5  
  186  22:44  Zealot x2  
  196  23:09  Disruptor  
  199  23:18  Nexus, Shield Battery  
  199  23:21  Photon Cannon  
  199  23:23  Photon Cannon  
  199  23:29  Pylon  
  199  23:33  Pylon  
  197  23:34  Observer  
  198  23:46  Observer  
  199  23:55  Photon Cannon  
  199  23:56  Photon Cannon  
  199  24:02  Observer, Pylon  
  200  24:08  Shield Battery  
  200  24:10  Photon Cannon  
  200  24:11  Photon Cannon  
  200  24:13  Photon Cannon  
  200  24:24  Archon  
  200  24:25  Zealot  
  191  24:46  Disruptor  
  191  24:48  Dark Templar x4  
  196  24:57  Disruptor  
  187  25:17  Probe  
  187  25:18  Probe x5  
  189  25:21  Dark Templar x4  
  189  25:22  Dark Templar  
  199  25:49  Stalker x7  
  199  25:56  Archon  
  189  26:04  Disruptor  
  150  26:08  Stalker x8  
  150  26:09  Disruptor  
  154  26:13  Probe  
  154  26:14  Stalker x5  
  165  26:30  High Templar x2  
  167  26:32  Unknown  
  167  26:34  Photon Cannon  
  167  26:37  Photon Cannon  
  167  26:39  Photon Cannon, Disruptor  
  161  26:40  Photon Cannon  
  161  26:45  Disruptor  
  161  26:59  Zealot x3  
  161  27:00  Zealot x9  
  152  27:02  Zealot  
  147  27:12  Zealot x2  
  147  27:15  Disruptor  
  139  27:20  Zealot x3  
  139  27:21  Stalker x5, Disruptor  
  161  27:25  High Templar x3  
  167  27:33  High Templar x3  
  173  27:40  Nexus  
  173  27:51  Disruptor  
  161  27:56  Disruptor  
  161  27:58  Stalker x8  
  158  28:02  Stalker x3  
  134  28:22  Probe x2, Pylon  
  134  28:26  Disruptor  
  131  28:32  Disruptor  
  131  28:33  Archon  
  128  28:38  Stalker x2  
  128  28:39  Stalker x3  
  134  28:52  Probe  
  134  28:55  Dark Templar  
  135  29:02  Disruptor  
  128  29:08  Disruptor  
  131  29:10  Stalker x2  
  135  29:24  Zealot x8  
  132  29:34  Stalker  
  132  29:35  Stalker x4  
  132  29:38  Zealot, Disruptor  
  143  29:43  Disruptor  
  143  29:44  Dark Templar  
  137  30:00  Stalker x3  
  143  30:13  Disruptor  
  141  30:17  Stalker x2  
  141  30:18  Stalker  
  144  30:25  Stalker x3  
  136  30:37  Stalker  
  138  30:46  Stalker  
  138  30:59  Zealot  
  140  31:09  High Templar x3  
  146  31:22  Nexus  
  146  31:35  High Templar  
  135  31:48  Probe  
  135  31:53  Zealot x6  
  144  31:55  Dark Templar x2  
  144  32:02  Dark Templar  
  103  32:30  Pylon  
  91  32:39  Stalker x6  
  91  32:40  Stalker x2  
  105  32:54  Dark Templar  
  107  33:01  Shield Battery  
  107  33:04  Photon Cannon  
  91  33:21  Zealot x2  
  91  33:22  Zealot x7  
  91  33:26  Disruptor  
  109  33:31  Archon  
  102  33:34  Stalker x2  
  102  33:43  Assimilator  
  102  33:45  Zealot x3  
  102  33:46  Zealot x2  
  112  33:59  Dark Templar x3  
  118  34:04  Pylon  
  118  34:07  Disruptor  
  109  34:26  High Templar  
  108  34:41  Zealot x5  
  108  34:42  Nexus, High Templar  
  118  34:56  Dark Templar  
  110  35:18  Nexus  
  104  35:34  Archon  
  99  35:35  High Templar  
  101  35:45  Zealot x5  
  111  36:03  Zealot x4  
  108  36:31  Dark Templar  
  106  36:34  Zealot  
  108  36:42  Assimilator  
  84  37:03  Disruptor  
  65  37:12  Zealot x4  
  67  37:29  Zealot x5  
  65  37:39  Zealot x2  
  54  37:55  High Templar  
  56  38:01  Dark Templar  
  52  38:17  Zealot x3  
  39  38:27  Stalker  
  39  38:41  Zealot x2  
  19  39:29  High Templar  
  21  39:59  Zealot  
Show
View Real Time Build Order
Export as new Build Order

Vindicta Terran - Winner!

Build Orders:  

Get SALT Encoding   

  12  0:00  SCV  
  13  0:12  SCV  
  14  0:17  Supply Depot  
  14  0:24  SCV  
  15  0:38  SCV  
  15  0:40  Barracks  
  16  0:43  Refinery  
  16  0:50  SCV  
  17  1:02  SCV  
  18  1:15  SCV  
  19  1:27  Marine  
  19  1:28  Orbital Command  
  20  1:46  Barracks Reactor  
  20  1:53  Command Center  
  20  1:54  SCV  
  20  1:58  Supply Depot  
  21  2:07  SCV  
  21  2:08  Refinery  
  22  2:19  SCV  
  22  2:22  Reaper  
  24  2:23  Reaper  
  24  2:26  Bunker  
  25  2:31  SCV  
  25  2:36  Factory  
  26  2:43  SCV  
  27  2:54  Marine  
  27  2:55  SCV, Marine  
  30  3:07  SCV, Orbital Command  
  32  3:19  SCV  
  32  3:20  Starport  
  32  3:31  Hellion x2  
  32  3:32  Barracks Tech Lab  
  32  3:34  SCV x2  
  38  3:37  Supply Depot  
  38  3:46  SCV x2  
  40  3:52  Widow Mine  
  40  3:53  Widow Mine  
  43  3:57  Medivac  
  43  3:58  Barracks Tech Lab, SCV x2  
  47  4:04  Supply Depot  
  47  4:06  Barracks  
  46  4:10  SCV x2  
  48  4:22  SCV  
  47  4:25  SCV  
  47  4:26  Siege Tank, Marine x2  
  51  4:33  Refinery  
  51  4:34  SCV, Engineering Bay  
  51  4:36  Raven  
  54  4:39  SCV  
  54  4:43  Marine, Barracks  
  54  4:44  Supply Depot  
  56  4:48  SCV  
  57  4:55  SCV  
  57  4:59  Refinery  
  58  5:00  SCV  
  58  5:05  Stimpack, Marine x2  
  58  5:06  Marauder, Factory Tech Lab  
  63  5:07  Supply Depot  
  63  5:10  SCV  
  63  5:12  SCV  
  63  5:13  Terran Infantry Weapons Level 1  
  64  5:22  SCV  
  64  5:23  Marine  
  64  5:24  SCV  
  67  5:30  Starport Reactor  
  67  5:31  Marauder  
  67  5:32  Siege Tank  
  67  5:33  Supply Depot  
  67  5:34  Marine  
  68  5:40  SCV  
  68  5:42  Combat Shield, Command Center  
  68  5:44  Marauder  
  71  5:51  Marine  
  71  5:52  Marauder  
  71  5:55  Supply Depot  
  71  5:56  SCV x2  
  75  5:57  Marine  
  76  6:06  Marauder, Medivac  
  76  6:07  Medivac  
  82  6:13  Marine x2  
  82  6:16  Marine  
  85  6:20  Supply Depot, Barracks x2  
  85  6:21  SCV  
  85  6:24  Siege Tank  
  89  6:27  Marine  
  89  6:29  Supply Depot  
  89  6:32  Marine  
  92  6:33  Marauder  
  92  6:41  Liberator  
  92  6:42  Supply Depot  
  92  6:43  SCV  
  96  6:48  Marine  
  96  6:49  Marauder  
  96  6:50  Marine  
  102  6:54  Marauder, Orbital Command  
  102  6:59  Siege Tank  
  105  7:06  Marine  
  105  7:08  Barracks Reactor, Marine  
  107  7:09  Concussive Shells, Barracks Tech Lab  
  107  7:11  Terran Infantry Armor Level 1  
  107  7:12  Marine  
  107  7:14  Orbital Command  
  108  7:21  SCV x2  
  108  7:23  Marauder  
  108  7:24  Marine  
  108  7:25  Marine  
  112  7:30  Marauder x2  
  112  7:31  Medivac  
  112  7:33  SCV x2  
  120  7:41  Marine  
  120  7:43  Marine  
  122  7:45  Medivac  
  122  7:47  SCV  
  122  7:48  SCV  
  122  7:49  Marine  
  122  7:50  SCV, Marine  
  131  7:54  Supply Depot  
  131  7:55  Supply Depot  
  126  7:59  SCV  
  126  8:01  Viking, Marine  
  131  8:08  Marauder, Refinery  
  131  8:09  Supply Depot, Marine  
  131  8:10  Supply Depot  
  133  8:15  SCV x2  
  133  8:16  Marauder  
  133  8:17  Ghost Academy  
  133  8:18  Missile Turret  
  133  8:19  Marine  
  139  8:25  Medivac, SCV  
  139  8:26  Marine  
  139  8:29  Marauder  
  139  8:32  SCV, Marine  
  143  8:34  Viking  
  143  8:36  Sensor Tower  
  143  8:37  Marauder, Marine  
  149  8:41  Siege Tank  
  149  8:42  SCV  
  149  8:44  Refinery  
  149  8:48  Enhanced Shockwaves  
  150  8:56  Ghost  
  152  9:05  Bunker  
  152  9:08  Command Center  
  152  9:09  Viking x2  
  156  9:12  Marine x2  
  157  9:17  SCV x2  
  157  9:22  Armory  
  157  9:23  Engineering Bay  
  159  9:25  Ghost  
  159  9:30  Ghost  
  163  9:32  Marine x2  
  163  9:34  Supply Depot  
  163  9:37  Supply Depot  
  165  9:40  Missile Turret  
  165  9:56  Marauder x2, SCV x2, Siege Tank, Marine x4  
  165  9:59  Marine  
  177  10:13  Terran Infantry Weapons Level 2, SCV  
  174  10:15  Terran Infantry Armor Level 2  
  174  10:17  Marauder  
  174  10:20  Marine  
  174  10:21  Marauder  
  171  10:25  Marine  
  171  10:26  SCV  
  171  10:27  Medivac x2, Marine  
  178  10:32  SCV  
  181  10:39  Marine  
  182  10:44  Ghost  
  182  10:45  Siege Tank  
  182  10:49  Marine  
  186  10:50  Marine  
  186  10:51  Marauder  
  186  10:52  Planetary Fortress  
  189  10:57  Medivac  
  189  10:58  SCV  
  189  10:59  Ghost  
  189  11:04  Refinery, Marine  
  195  11:06  Marine  
  195  11:07  Marine  
  195  11:08  Marine  
  196  11:12  Marauder, Ghost  
  196  11:16  Viking  
  195  11:18  Supply Depot  
  195  11:21  Marine  
  195  11:22  SCV  
  196  11:25  Marine x2  
  196  11:27  Viking  
  196  11:31  Refinery  
  200  11:35  Missile Turret  
  200  11:38  Sensor Tower  
  200  11:45  Ghost  
  200  11:46  Missile Turret, Siege Tank  
  180  11:48  Marauder x2, Marine x2  
  168  12:02  SCV, Barracks  
  168  12:03  Barracks  
  168  12:04  Viking, Marine x2, Barracks  
  168  12:06  SCV  
  168  12:09  Ghost  
  168  12:10  Viking  
  168  12:11  Marine  
  168  12:12  Marine  
  168  12:14  Ghost  
  168  12:15  SCV x2  
  176  12:22  Marine x2  
  179  12:33  Terran Ship Weapons Level 1, Marine  
  179  12:34  Terran Infantry Weapons Level 3, Terran Infantry Armor Level 3  
  179  12:35  Supply Depot  
  179  12:36  Supply Depot  
  179  12:43  Viking x2, Marine  
  179  12:44  Marauder, Marine  
  179  12:54  Marauder, Marine  
  179  12:55  Marine  
  179  12:57  Marine x2  
  179  12:58  Barracks Tech Lab  
  186  13:05  Marauder, Marine x2  
  186  13:06  Marauder  
  186  13:08  Command Center  
  186  13:12  Marine  
  190  13:15  Marine, Ghost  
  190  13:16  Marauder  
  190  13:18  Marine  
  190  13:19  Viking  
  189  13:23  Marine x2  
  193  13:27  Marauder  
  193  13:29  Marine  
  143  13:52  Marine  
  143  13:54  Marine  
  132  13:57  Liberator x2  
  132  13:58  Marine x2  
  132  13:59  Marauder x3  
  141  14:02  Command Center  
  141  14:09  SCV  
  144  14:10  Barracks Tech Lab x2, Marine  
  144  14:11  Starport  
  144  14:12  Marine  
  144  14:13  Fusion Core  
  144  14:16  Marine x2  
  145  14:20  Marauder x2  
  145  14:21  Marauder  
  151  14:28  Marine  
  151  14:29  Marine  
  151  14:30  Command Center  
  139  14:31  Marine  
  139  14:32  Marauder  
  139  14:34  Marine x2  
  138  14:42  Marauder x3, Liberator  
  138  14:43  Missile Turret  
  147  14:46  Marine  
  147  14:47  Terran Ship Weapons Level 2, Marine  
  147  14:50  Marauder  
  147  14:51  Liberator, Starport Reactor  
  147  14:52  Siege Tank, Marine x2  
  159  14:53  Marine  
  160  15:02  Ghost x2  
  160  15:03  Marauder  
  166  15:10  Ghost  
  166  15:12  Neosteel Armor  
  170  15:15  Marine  
  170  15:17  Marine  
  170  15:26  Marauder, Marine  
  170  15:27  Marauder  
  166  15:28  Missile Turret  
  166  15:31  Liberator  
  166  15:32  Marauder x2  
  173  15:36  Medivac  
  173  15:37  Medivac  
  173  15:41  SCV  
  178  15:46  Planetary Fortress  
  177  15:56  Liberator  
  171  15:59  Marine  
  171  16:00  Marauder, Marine  
  171  16:01  Advanced Ballistics  
  177  16:07  Unknown  
  177  16:09  Marine  
  177  16:10  Command Center  
  178  16:14  Marauder, Marine  
  178  16:17  Marine  
  183  16:19  Liberator  
  183  16:22  Hi-Sec Auto Tracking  
  185  16:27  Marine  
  185  16:28  Marauder, Marine  
  185  16:30  Marine  
  185  16:31  Marauder x2  
  185  16:32  Marine  
  193  16:34  Marine  
  193  16:35  Marine  
  195  16:44  Medivac  
  195  16:45  Marine x2  
  199  16:50  Medivac  
  197  16:59  Marine  
  197  17:00  Marauder  
  199  17:10  Command Center  
  199  17:15  Command Center  
  200  17:22  Viking  
  195  17:23  Viking x2  
  186  17:44  Liberator  
  186  17:45  Marine  
  184  17:51  Ghost  
  184  17:55  Liberator  
  184  17:56  Medivac, Marine  
  185  17:58  Liberator  
  185  18:00  Marauder, Marine x2  
  185  18:01  Planetary Fortress  
  185  18:02  Marine  
  185  18:03  Marauder x2, Marine  
  180  18:14  Marine  
  180  18:18  Marine x2  
  162  18:20  Marauder x2  
  162  18:22  Marauder  
  162  18:24  Marauder  
  162  18:26  Liberator  
  168  18:27  Viking, Marine  
  168  18:32  Marine  
  168  18:33  Orbital Command x2  
  172  18:37  Marine  
  173  18:42  Marauder  
  173  18:43  Liberator x2  
  179  18:50  Terran Vehicle And Ship Armor Level 1  
  179  18:57  Liberator  
  179  18:59  Ghost  
  179  19:01  Marine  
  185  19:05  Refinery  
  185  19:07  Refinery  
  185  19:09  Medivac  
  182  19:10  Marine  
  182  19:13  Command Center  
  182  19:15  SCV  
  182  19:16  SCV  
  182  19:17  SCV  
  186  19:26  Liberator  
  189  19:32  Liberator  
  189  19:36  Marine  
  189  19:37  Orbital Command  
  196  19:38  Liberator  
  196  19:49  Marauder x4, Marine x4  
  198  19:54  Marine  
  198  19:59  Viking  
  200  20:09  Liberator  
  200  20:10  Marine  
  200  20:11  Marauder, Marine  
  200  20:12  Marauder  
  200  20:14  Marauder x2  
  192  20:17  Marauder  
  184  20:23  Marine  
  184  20:28  Marine  
  184  20:30  Marine  
  184  20:32  Marauder, Ghost, Marine  
  184  20:35  Marauder x2  
  173  20:38  Marine  
  173  20:41  Marine  
  170  20:44  SCV  
  170  20:45  Marine  
  170  20:54  Marauder  
  170  20:55  Medivac, Ghost x2  
  170  20:56  Ghost  
  155  20:57  Medivac x2  
  155  21:01  Ghost, Marine x2  
  155  21:03  Medivac  
  158  21:04  Marine  
  158  21:05  Marine  
  158  21:10  Terran Vehicle And Ship Armor Level 2  
  160  21:14  Ghost  
  162  21:18  Marine  
  162  21:24  Ghost x2  
  162  21:25  Medivac  
  169  21:27  Sensor Tower  
  169  21:29  Ghost  
  169  21:32  SCV  
  172  21:33  Missile Turret, Marine  
  172  21:34  Marine  
  172  21:36  Marine  
  175  21:42  Marine  
  175  21:46  Liberator  
  175  21:47  Liberator  
  171  21:52  SCV x2  
  179  21:55  Missile Turret, Marine  
  179  21:58  Marauder x2, Marine x2  
  179  21:59  Marine  
  179  22:01  Marine  
  184  22:02  SCV  
  184  22:07  Orbital Command  
  187  22:08  Liberator  
  187  22:13  Marine  
  191  22:16  Liberator  
  191  22:17  Marine  
  191  22:18  Missile Turret  
  191  22:20  Marine x2  
  197  22:29  Liberator  
  198  22:36  Ghost  
  195  22:37  Marine  
  200  22:49  Marine  
  200  22:54  Marauder, Missile Turret  
  200  23:08  SCV  
  200  23:09  SCV  
  200  23:10  Refinery x2  
  200  23:15  Liberator  
  198  23:27  Ghost  
  198  23:29  Missile Turret, Sensor Tower  
  200  23:47  Marine  
  200  23:51  Command Center  
  200  23:54  Marine x2  
  200  23:55  Sensor Tower  
  200  24:01  Marine  
  197  24:20  Ghost  
  196  24:26  Marine  
  196  24:27  Marauder, Marine  
  189  24:39  Marine  
  189  24:40  Marauder, Marine  
  189  24:41  Marauder  
  189  24:42  Marauder  
  189  24:43  Liberator x2  
  189  24:44  Marine  
  189  24:45  Liberator, Marine  
  167  24:47  Medivac  
  167  24:48  Marauder  
  167  24:50  Marauder  
  171  24:57  Marine  
  171  24:58  Marine  
  173  25:01  Marauder  
  173  25:02  Marauder, Marine  
  173  25:03  Marine  
  173  25:04  Marauder  
  180  25:10  Marauder, Marine  
  167  25:15  Marine  
  167  25:16  Marine  
  167  25:17  Medivac  
  167  25:20  Marine  
  167  25:21  Marine  
  173  25:23  Marauder, Ghost  
  173  25:25  Marauder  
  173  25:26  Medivac x2  
  173  25:28  Medivac  
  185  25:29  Marauder  
  185  25:31  Marauder  
  185  25:33  Marine x2  
  185  25:38  Marine x2  
  184  25:44  Marauder  
  184  25:47  Marauder, Medivac  
  184  25:49  Ghost  
  185  25:51  Marine x2  
  185  25:52  Marauder x2  
  185  25:55  Liberator, Marine  
  185  25:56  Liberator, Marine  
  194  25:58  Liberator  
  181  26:06  Marauder  
  181  26:08  Marauder  
  181  26:09  Marine x2  
  173  26:13  Marauder, Marine  
  173  26:14  Marauder, SCV, Marine  
  173  26:15  SCV x2  
  173  26:16  SCV x2  
  173  26:17  Liberator  
  175  26:19  Marauder  
  175  26:24  SCV  
  177  26:26  Marine x2  
  177  26:27  Marine  
  177  26:29  Marauder  
  177  26:31  Marine  
  177  26:32  Marine  
  184  26:34  Ghost x2, Orbital Command  
  184  26:37  SCV  
  184  26:38  Liberator  
  191  26:40  Marauder, SCV  
  191  26:44  Marine  
  191  26:45  Marauder, Marine  
  186  26:49  Marine  
  186  26:50  Marine x2  
  166  27:01  Marine  
  166  27:02  SCV x2, Ghost, Marine x2  
  166  27:03  Ghost  
  166  27:04  Liberator  
  166  27:05  Ghost  
  166  27:07  Marine x2  
  166  27:08  Ghost  
  178  27:14  SCV  
  174  27:19  Marauder  
  174  27:20  Marine x2  
  178  27:25  SCV, Planetary Fortress, Marine x2  
  178  27:27  Missile Turret, SCV  
  181  27:32  Marauder x2  
  181  27:35  Marauder  
  181  27:36  Ghost  
  181  27:37  Liberator  
  187  27:38  Marine x2  
  187  27:40  Ghost  
  187  27:42  Marine  
  187  27:43  Marine  
  192  27:53  Marine x2  
  192  27:55  Marine  
  192  27:56  Marauder, Marine  
  197  27:59  SCV x2, Refinery  
  197  28:00  SCV  
  197  28:01  Refinery  
  200  28:10  Medivac, Marine  
  200  28:11  Marine  
  200  28:12  Medivac  
  195  28:13  Marine  
  195  28:14  Marine  
  195  28:15  Marauder  
  195  28:17  Marine  
  195  28:18  Marauder  
  173  28:20  Marine  
  173  28:21  Marauder  
  165  28:28  Marine  
  165  28:29  Marauder  
  165  28:30  Marine  
  165  28:32  Marine  
  161  28:35  Marine  
  161  28:36  Marauder  
  161  28:38  Marine x2  
  161  28:39  Liberator  
  169  28:42  Marauder  
  169  28:46  Marine  
  163  28:48  Marine  
  163  28:50  Marine  
  163  28:51  Marauder  
  163  28:53  Marine  
  160  28:56  Marine  
  160  28:57  Marauder  
  160  28:58  Marauder  
  159  29:04  Marauder, Marine  
  159  29:06  Marine  
  159  29:08  Marine  
  159  29:09  Liberator  
  166  29:10  Marine  
  166  29:12  Marauder  
  166  29:13  SCV  
  166  29:14  Marine  
  166  29:16  SCV x2  
  167  29:18  Marauder  
  167  29:19  Marauder  
  167  29:20  Missile Turret  
  167  29:22  Marauder  
  170  29:24  Marine x2  
  170  29:26  Marine  
  170  29:28  Marine  
  148  29:32  Marine  
  148  29:33  SCV, Marine  
  148  29:35  SCV x3  
  143  29:39  Marine  
  143  29:40  SCV x3, Marine  
  143  29:42  Marine x2  
  143  29:43  Marine  
  143  29:44  Marine  
  143  29:45  SCV  
  153  29:46  Marine  
  153  29:48  SCV  
  153  29:49  Marine  
  153  29:50  Ghost  
  158  29:57  Marauder  
  158  29:58  Marauder  
  158  29:59  Marine  
  151  30:00  Marine  
  151  30:01  Marauder, SCV x3, Marine  
  151  30:03  SCV, Refinery  
  151  30:04  Marine  
  161  30:07  Marine  
  156  30:17  Marine  
  156  30:18  Marauder  
  156  30:19  Marauder, Marine  
  156  30:20  Marauder x2  
  160  30:22  Marine  
  160  30:23  Marauder  
  160  30:25  SCV, Marine  
  163  30:35  Marine  
  143  30:37  Marine  
  143  30:38  SCV x4  
  143  30:39  Marine  
  143  30:40  Marauder x2  
  143  30:41  Marauder, Marine  
  143  30:42  Liberator  
  157  30:43  Command Center, Marine  
  157  30:44  Marauder  
  157  30:45  Liberator  
  157  30:49  Medivac  
  163  30:53  Marine  
  163  30:55  Marine  
  161  30:57  Marine  
  161  30:58  Liberator  
  161  30:59  Marauder  
  161  31:01  Marine x3  
  161  31:02  SCV x4, Marine  
  175  31:05  Marine  
  175  31:11  Marine  
  176  31:13  Marine  
  176  31:15  Marine  
  179  31:18  Marine  
  179  31:19  Liberator  
  179  31:23  SCV  
  179  31:24  Liberator, SCV  
  188  31:28  Medivac  
  190  31:34  SCV  
  191  31:40  Liberator  
  191  31:46  Marine x2  
  183  31:47  Marauder, Marine x2  
  183  31:53  Marine x2  
  177  31:54  Marauder x2  
  177  31:58  Liberator  
  178  32:02  Medivac  
  178  32:04  Marine x2  
  178  32:05  Marine x2  
  178  32:07  Medivac  
  186  32:08  Marauder  
  186  32:11  Marine  
  186  32:15  Marine  
  139  32:16  Marauder, Marine  
  139  32:20  SCV  
  139  32:22  Marine x2  
  126  32:23  Marine  
  126  32:27  Marine  
  126  32:29  Marauder, SCV, Marine  
  129  32:34  Marauder, SCV  
  132  32:39  SCV x3  
  132  32:43  Marine  
  132  32:44  Marauder  
  136  32:45  Marine  
  136  32:50  Ghost  
  136  32:51  Ghost  
  132  32:54  Ghost  
  136  32:59  Marine  
  136  33:00  Marine  
  136  33:03  Ghost  
  136  33:05  Marine  
  141  33:11  Ghost  
  128  33:20  Ghost  
  128  33:25  Marauder  
  129  33:32  Marine  
  121  33:34  Marine  
  121  33:35  Marauder  
  124  33:44  Marauder, Marine x2  
  124  33:45  Marine  
  124  33:48  Marine  
  129  33:49  Marine  
  129  33:53  Marine  
  131  33:56  Marine  
  131  33:59  Marine  
  114  34:12  Ghost  
  114  34:13  Marine x2  
  114  34:15  Marine  
  114  34:16  Marine  
  107  34:18  Marine  
  107  34:20  Marine  
  98  34:25  Marine  
  98  34:29  Marine  
  99  34:32  Marine  
  99  34:35  Marine  
  99  34:42  Marine  
  100  34:48  Marine  
  101  34:56  Marine x2  
  101  34:59  Marine  
  104  35:06  Marine  
  101  35:14  SCV  
  101  35:18  SCV  
  101  35:19  Marine x2  
  103  35:32  Ghost  
  103  35:33  Marine  
  103  35:40  Orbital Command  
  105  35:44  Marine  
  106  35:52  Marine x2  
  108  35:58  Marine  
  107  36:08  Marine x2  
  107  36:09  Marauder  
  106  36:13  Marine  
  106  36:15  Marine  
  99  36:20  Marine  
  97  36:26  Orbital Command  
  97  36:31  Marine  
  97  36:32  Orbital Command  
  97  36:38  Marine  
  98  36:41  Marine  
  98  36:47  SCV  
  98  36:48  SCV  
  74  37:13  Marine  
  73  37:21  Marine  
  73  37:22  Marine  
  70  37:24  Marine  
  62  37:30  Medivac  
  62  37:31  Marine  
  61  37:41  Medivac  
  61  37:42  Marine  
  60  37:48  Marine  
  60  37:50  Marine  
  59  37:56  Marauder x2  
  59  37:59  Marine  
  59  38:02  Marine  
  61  38:12  Marine  
  61  38:14  Marine  
  53  38:29  Marine  
  53  38:30  Marauder  
  53  38:32  Marine  
  56  38:43  SCV x2  
  56  38:48  Marauder  
  54  38:52  Marine, Orbital Command  
  44  39:07  Orbital Command  
  45  39:14  Orbital Command  
  46  39:21  Ghost  
  45  39:40  Orbital Command  
  44  39:53  SCV  
  44  39:55  SCV x2  
  47  40:11  Orbital Command  
  47  40:20  Orbital Command  
  47  40:23  Marine  
Tags
 
Add a new tag
Caveats
  • Supply blocks, unpowered buildings, or Contaminate may cause inaccurate times.
  • Supply counts are checked every 10 seconds.